cohdb
Replays
Latest Replays
All Replays
Popular Replays
Top Player Replays
Match Explorer
How It Works
Community
CoH3 Stats
Reddit
Sign in to upload your games and track your stats! →
Sign in with Steam
Match 33715797
Unlisted
Match 33715797
Overview
Messages
Build Orders
End
Construct Infanterie Kompanie
Grenadier Squad
Grenadier Squad
Grenadier Squad
Selects Breakthrough Battlegroup
GrW 34 Mortar Team
Selects Assault Grenadiers
GrW 34 Mortar Team
Medical Station
Selects 2.5-tonne Cargo Truck
MG 42 Machine Gun Team
Construct Luftwaffe Kompanie
Grenadier Squad
Selects Smoke Bombing Run
Smoke Bombing Run
Flak 30 Anti-aircraft Gun Team
Selects Incendiary Bombing Run
Support Elements
Incendiary Bombing Run
Marder III M Tank Destroyer
Graska
PellizcoCristales
Diegops91
:::Tiger:::
Loudpreditor
gUi
0
0
Comments
sign in to comment!
No comments posted yet!